Map: Prion Terraces

Players

ELpotato

  • Race: Terran Terran
  • League: Platinum

Saadistic - Winner!

  • Race: Protoss Protoss

VOD

Have the link to the VOD?

Description

Time

  • Played on: Nov. 14, 2015, 3:50 a.m.
  • Length: 13:21
Show
View Real Time Build Order
Export as new Build Order

ELpotato Terran 

Build Orders:  

Get SALT Encoding   

  12  0:01  SCV  
  13  0:14  Supply Depot  
  13  0:33  SCV  
  14  0:49  Barracks  
  14  0:51  Barracks  
  14  1:04  Barracks  
  14  1:09  SCV  
  15  1:30  Supply Depot  
  15  1:38  Barracks  
  15  1:41  Marine x2  
  17  1:53  Marine  
  18  1:59  Marine  
  19  2:03  Marine  
  20  2:11  Marine  
  20  2:13  Orbital Command  
  21  2:21  Marine  
  22  2:30  Marine  
  23  2:38  Marine  
  23  2:43  Bunker  
  22  3:02  Bunker  
  22  3:04  Marine  
  22  3:05  Marine x3  
  26  3:22  Marine x3  
  26  3:23  Marine  
  28  3:34  Bunker  
  28  3:40  Marine  
  28  3:46  Marine  
  28  3:54  Marine x2  
  30  3:58  Marine  
  29  4:04  Marine  
  29  4:12  Marine x2  
  29  4:23  Marine x2  
  30  4:29  Marine  
  30  4:31  Marine  
  30  4:40  Supply Depot  
  30  4:41  Marine  
  31  5:01  Marine x4  
  25  5:19  Marine  
  25  5:20  Marine x3  
  22  5:48  Marine  
  22  5:49  Marine  
  23  5:53  Marine x2  
  24  6:11  SCV  
  25  6:22  Marine x2  
  25  6:23  Marine  
  28  6:32  Marine  
  28  6:39  Command Center  
  29  6:40  Marine  
  30  6:48  Supply Depot, Refinery  
  30  6:51  Refinery  
  30  6:52  Marine x2  
  32  6:58  Marine x2  
  33  7:10  Marine  
  34  7:50  Marine  
  29  8:08  Marine  
  25  8:18  Orbital Command  
  25  8:19  Marine  
  26  8:20  Barracks Tech Lab  
  26  8:24  Bunker  
  26  8:26  Marine  
  27  8:32  Orbital Command  
  14  9:46  Barracks  
  14  9:49  Barracks  
  14  9:59  Barracks  
  14  10:21  SCV  
  2  11:06  Marine  
  1  11:29  Marine  
Show
View Real Time Build Order
Export as new Build Order

Saadistic Protoss - Winner!

Build Orders:  

Get SALT Encoding   

  12  0:01  Probe (Chrono Boost)  
  13  0:14  Pylon  
  13  0:17  Probe (Chrono Boost)  
  14  0:28  Probe (Chrono Boost)  
  15  0:35  Gateway  
  15  0:39  Probe (Chrono Boost)  
  16  0:49  Probe (Chrono Boost)  
  17  0:52  Assimilator  
  17  0:57  Assimilator  
  17  1:00  Probe (Chrono Boost)  
  18  1:07  Pylon  
  18  1:10  Probe (Chrono Boost)  
  19  1:21  Probe (Chrono Boost)  
  20  1:27  Cybernetics Core  
  20  1:31  Probe (Chrono Boost)  
  21  1:43  Probe (Chrono Boost)  
  22  1:53  Probe (Chrono Boost)  
  23  2:04  Probe (Chrono Boost)  
  24  2:13  Nexus  
  24  2:29  Mothership Core (Chrono Boost)  
  26  2:32  Zealot (Chrono Boost)  
  26  2:34  Pylon  
  27  2:57  Probe  
  28  3:00  Stalker (Chrono Boost)  
  28  3:01  Gateway  
  28  3:03  Gateway  
  28  3:27  Forge, Zealot (Chrono Boost)  
  30  3:28  Probe  
  29  3:46  Probe  
  30  3:53  Pylon  
  30  3:55  Pylon  
  30  4:07  Zealot (Chrono Boost)  
  30  4:08  Photon Cannon  
  30  4:10  Photon Cannon  
  30  4:15  Zealot (Chrono Boost)  
  32  4:17  Gateway, Photon Cannon, Probe  
  35  4:33  Probe  
  35  4:34  Zealot (Chrono Boost)  
  36  4:42  Cybernetics Core, Zealot (Chrono Boost)  
  36  4:43  Probe  
  39  4:54  Probe  
  42  5:01  Zealot (Chrono Boost)  
  42  5:05  Probe  
  43  5:20  Zealot x2 (Chrono Boost)  
  47  5:33  Zealot (Chrono Boost)  
  43  5:54  Probe  
  46  6:01  Stalker x2 (Chrono Boost)  
  46  6:08  Twilight Council  
  46  6:10  Probe, Warp Gate (Chrono Boost)  
  47  6:30  Pylon  
  47  6:32  Nexus  
  47  6:33  Pylon  
  47  6:35  Pylon x2  
  47  6:45  Dark Shrine  
  47  6:48  Stalker, Probe  
  42  7:30  Adept x3  
  42  8:11  Adept x3  
  40  8:25  Nexus  
  36  9:34  Dark Templar  
  38  10:00  Stalker x2  
  42  10:36  Dark Templar  
  42  10:37  Dark Templar x2  
  48  11:17  Dark Templar x3  
  54  11:33  Probe  
  55  11:54  Nexus, Pylon  
  55  11:57  Assimilator  
  55  11:58  Pylon, Assimilator  
  55  12:23  Assimilator  
  55  12:26  Zealot, Pylon  
  55  12:27  Zealot x2, Pylon x2  
  55  12:28  Assimilator  
  61  13:05  Probe  
Tags
 
Add a new tag
Caveats
  • Supply blocks, unpowered buildings, or Contaminate may cause inaccurate times.
  • Supply counts are checked every 10 seconds.